 Dungeon Crawl Stone Soup version 0.29.1-1-gd02db6906a (webtiles) character file.

Game seed: 13737548666122099728

4419 funkygono the Arsonist (level 10, -6/53 HPs)
             Began as a Gargoyle Fire Elementalist on Sept 17, 2022.
             Was a Believer of Vehumet.
             Mangled by a red ugly thing (10 damage)
             ... on level 8 of the Dungeon.
             The game lasted 00:16:30 (9659 turns).

funkygono the Arsonist (Gargoyle Fire Elementalist) Turns: 9659, Time: 00:16:31

Health: -6/53      AC: 17    Str: 11    XL:     10   Next: 36%
Magic:  0/22       EV: 12    Int: 27    God:    Vehumet [**....]
Gold:   1629       SH:  0    Dex: 10    Spells: 14/25 levels left

rFire   + . .      SeeInvis .   J - +2 demon whip (venom)
rCold   + . .      Faith    .   (no shield)
rNeg    + . .      Spirit   .   L - +1 robe {rC+ rF+}
rPois   ∞          Reflect  .   i - +1 helmet
rElec   +          Harm     +   D - +1 cloak
rCorr   .          Rampage  .   C - +2 pair of gloves of Day {Harm +Inv Int+6}
Will    .....                   (no boots)
Stlth   ++........              (no amulet)
HPRegen 0.17/turn               p - +4 ring of slaying
MPRegen 0.18/turn               (no ring)

@: no status effects
A: sickness immunity, AC +7, negative energy resistance 1, electricity
resistance, torment resistance 1, petrification resistance
a: Renounce Religion, Evoke Invisibility


You were on level 8 of the Dungeon.
You worshipped Vehumet.
Vehumet was pleased with you.
You visited 1 branch of the dungeon, and saw 8 of its levels.

You collected 1629 gold pieces.

Inventory:

Hand Weapons
 e - a +0 whip
 u - a +3 flail of holy wrath
 y - a +0 whip of venom
 J - a +2 demon whip of venom (weapon)
 K - a +5 flail of freezing
 M - a +2 whip of freezing
 Q - a +0 mace of protection
Missiles
 g - a throwing net
Armour
 i - a +1 helmet (worn)
 l - a +0 robe
 A - a +2 ring mail of fire resistance
 C - the +2 pair of gloves of Day (worn) {Harm +Inv Int+6}
   (You found it on level 4 of the Dungeon)

   Int:       It affects your intelligence (+6).
   +Inv:      It lets you turn invisible.
   Harm:      It increases damage dealt and taken.
 D - a +1 cloak (worn)
 L - a +1 robe of resistance (worn)
Magical Staves
 j - a staff of air
 w - a staff of poison
 z - a staff of cold
Jewellery
 c - an amulet of faith
 p - a +4 ring of slaying (left hand)
 G - an amulet of magic regeneration
 P - a +6 ring of strength
Wands
 k - a wand of iceblast (15)
 q - a wand of light (14)
 s - a wand of flame (28)
 N - a wand of polymorph (6)
 R - a wand of digging (3)
Scrolls
 h - 3 scrolls of amnesia
 o - 2 scrolls of fog
 t - 4 scrolls of identify
 B - 4 scrolls of teleportation
 E - a scroll of silence {unknown}
 H - a scroll of magic mapping
 I - a scroll of blinking
 O - 2 scrolls of poison
Potions
 a - 3 potions of ambrosia
 b - 2 potions of magic
 d - 3 potions of haste
 f - 3 potions of flight
 m - 4 potions of curing
 n - 3 potions of mutation
 r - 2 potions of berserk rage
 v - 3 potions of cancellation
 x - a potion of heal wounds
 F - a potion of might


   Skills:
 + Level 1.8 Fighting
 + Level 3.2 Maces & Flails
 + Level 2.9 Dodging
 - Level 2.1 Stealth
 + Level 8.2 Spellcasting
 + Level 7.7 Conjurations
 + Level 8.9 Fire Magic


You had 14 spell levels left.
You knew the following spells:

 Your Spells              Type           Power      Damage    Failure   Level
a - Foxfire               Conj/Fire      100%       2x1d9     1%          1
b - Scorch                Fire           100%       2d10      1%          2
c - Conjure Flame         Conj/Fire      54%        6-21      1%          3
d - Flame Wave            Conj/Fire      54%        2d13      1%          4
e - Magic Dart            Conj           100%       1d8       1%          1

Your spell library contained the following spells:

 Spells                   Type           Power      Damage    Failure   Level
 Poisonous Vapours        Pois/Air       22%        N/A       8%          2
 Inner Flame              Hex/Fire       35%        N/A       2%          3
 Dazzling Flash           Conj/Hex       64%        N/A       3%          3
 Death Channel            Necr           5%         N/A       100%        6


Dungeon Overview and Level Annotations

Branches:
Dungeon (8/15)             Temple (0/1) D:4
   Lair: D:8-11

Altars:
Hepliaklqana
Nemelex Xobeh
Okawaru
Ru
Trog
Uskayaw
Vehumet
Zin

Shops:
D:2 :

Annotations:
D:6 3 runed translucent doors, TrebMcFLY's ghost, novice GrEE


Innate Abilities, Weirdness & Mutations

You are immune to sickness and miasma.
Your stone body is resilient. (AC +7)
You are immune to poison.
You resist negative energy. (rN+)
You are resistant to electric shocks. (rElec)
You are resistant to unholy torment.
You are immune to petrification.


Message History

Vehumet accepts your kill.
You feel your power returning.
The foxfire hits the red ugly thing.
The red ugly thing completely resists.
The foxfire hits the red ugly thing.
The red ugly thing completely resists.
Casting: Scorch (safe; 1% risk of failure)
Confirm with . or Enter, or press ? or * to list all spells.
Casting: Flame Wave (dangerous; 1% risk of failure)
Press: ? - help, Dir - look around, f - activate
Okay, then.
Casting: Flame Wave (dangerous; 1% risk of failure)
Confirm with . or Enter, or press ? or * to list all spells.
Flames lash the red ugly thing.
The red ugly thing completely resists.
Casting: Scorch (safe; 1% risk of failure)
Confirm with . or Enter, or press ? or * to list all spells.
Flames lash the red ugly thing.
The red ugly thing resists.
The red ugly thing is lightly wounded.
The red ugly thing's fire resistance burns away.
The red ugly thing pecks you.
You are engulfed in flames!
You resist.
Casting: Scorch (safe; 1% risk of failure)
Confirm with . or Enter, or press ? or * to list all spells.
Casting: Flame Wave (dangerous; 1% risk of failure)
Press: ? - help, Dir - look around, f - activate A wave of flame ripples out!
The flame wave engulfs the red ugly thing!!
The red ugly thing is heavily wounded. (Press . to intensify the flame waves.)
The red ugly thing pecks you.
You are engulfed in flames!
You resist.
* * * LOW HITPOINT WARNING * * *
A wave of flame ripples out!
The flame wave engulfs the red ugly thing!
The red ugly thing is severely wounded.
You hear a shout!
The red ugly thing barely misses you.
Without enough magic to sustain them, the waves of flame dissipate.
The red ugly thing is no longer more vulnerable to fire.
A cyclops comes into view.
The red ugly thing pecks you.
* * * LOW HITPOINT WARNING * * *
You are engulfed in flames!
You resist.
You die...

#.# ##.# #.# #.#
#.# #.. #.# ### #.#
# ##.###### #
#.......# #
#..#####!### # #...
#@..#
..........u.......
#####)##.#..#######
#. # ##.# #. #.# #.
.)C #.# #.#


You could see a red ugly thing and a cyclops.

Vanquished Creatures
  Pikel (D:8)
  A troll (D:8)
  Grinder (D:3)
  Sigmund (D:2)
  A yak (D:8)
  2 steam dragons
  2 water moccasins (D:7)
  A sky beast (D:7)
  2 black bears
  2 ice beasts (D:5)
  A centaur (D:6)
  2 phantoms
  A kobold brigand (D:8)
  2 bullfrogs
  A necrophage (D:5)
  A scorpion (D:5)
  14 wights (D:7)
  6 killer bees (D:8)
  A howler monkey (D:8)
  2 hounds (D:6)
  2 orc priests (D:5)
  2 jellies
  A gnoll bouda (D:4)
  Terence (D:3)
  2 iguanas
  Ijyb (D:3)
  Natasha (twice) (D:3)
  5 orc wizards
  11 gnolls
  6 adders
  2 shadow imps
  A worm (D:2)
  4 dart slugs
  18 orcs
  6 ball pythons
  4 bats
  7 endoplasms
  4 giant cockroaches
  10 goblins
  5 hobgoblins
  14 kobolds
  A quokka (D:1)
  9 frilled lizards
  3 rats
166 creatures vanquished.

Vanquished Creatures (others)
  Natasha (D:3)
  A ball python (D:3)
  513 foxfires
  4 plants (D:8)
519 creatures vanquished.

Grand Total: 685 creatures vanquished

Notes
Turn   | Place    | Note
-------+----------+-------------------------------------------
     0 | D:1      | funkygono the Gargoyle Fire Elementalist began the quest
                  | for the Orb.
     0 | D:1      | Reached XP level 1. HP: 10/10 MP: 3/3
   198 | D:1      | Reached XP level 2. HP: 13/15 MP: 0/5
   201 | D:1      | Learned a level 2 spell: Scorch
   853 | D:1      | Reached XP level 3. HP: 19/19 MP: 3/6
   858 | D:1      | Learned a level 3 spell: Conjure Flame
  1381 | D:2      | Found Ytzair's Book Shop.
  1691 | D:2      | Reached XP level 4. HP: 24/24 MP: 2/7
  2098 | D:2      | Found a sacrificial altar of Ru.
  2397 | D:2      | Noticed Sigmund
  2407 | D:2      | Killed Sigmund
  2408 | D:2      | Reached XP level 5. HP: 18/28 MP: 1/10
  2408 | D:2      | Reached XP level 6. HP: 22/33 MP: 1/11
  2543 | D:2      | Learned a level 4 spell: Flame Wave
  2626 | D:3      | Noticed Ijyb
  2633 | D:3      | Killed Ijyb
  2634 | D:3      | Reached skill level 5 in Fire Magic
  2782 | D:3      | Found a radiant altar of Vehumet.
  2816 | D:3      | Became a worshipper of Vehumet
  2904 | D:3      | Noticed Terence
  2911 | D:3      | Killed Terence
  3036 | D:3      | Noticed Natasha
  3043 | D:3      | Killed Natasha
  3189 | D:3      | Found a glowing silver altar of Zin.
  3356 | D:3      | Found a bloodstained altar of Trog.
  3356 | D:3      | Found an iron altar of Okawaru.
  3530 | D:3      | Noticed Grinder
  3535 | D:3      | Paralysed by Grinder for 5 turns
  3541 | D:3      | Killed Grinder
  3542 | D:3      | Reached skill level 1 in Maces & Flails
  3542 | D:3      | Reached XP level 7. HP: 24/37 MP: 2/13
  3582 | D:3      | Killed Natasha
  3584 | D:3      | Noticed Natasha
  3590 | D:3      | Killed Natasha
  4574 | D:4      | Found a staircase to the Ecumenical Temple.
  4654 | D:4      | Found a hazy altar of Hepliaklqana.
  4787 | D:4      | Identified the +2 pair of gloves of Day {Harm +Inv Int+6}
  5489 | D:5      | Entered Level 5 of the Dungeon
  5550 | D:5      | Found a sacrificial altar of Ru.
  5571 | D:5      | Reached skill level 1 in Fighting
  5571 | D:5      | Reached XP level 8. HP: 43/43 MP: 10/15
  5611 | D:5      | Reached skill level 5 in Spellcasting
  5667 | D:5      | Reached * piety under Vehumet
  5667 | D:5      | Offered knowledge of Magic Dart by Vehumet.
  5670 | D:5      | Learned a level 1 spell: Magic Dart
  6755 | D:6      | Reached skill level 5 in Conjurations
  7041 | D:6      | Found a sparkling altar of Nemelex Xobeh.
  7132 | D:6      | Found a runed translucent gate.
  7132 | D:6      | Noticed TrebMcFLY's ghost (novice GrEE)
  7133 | D:6      | Found a runed translucent gate.
  7135 | D:6      | Found a runed translucent gate.
  7294 | D:6      | Reached XP level 9. HP: 47/47 MP: 16/18
  8288 | D:7      | Offered knowledge of Poisonous Vapours by Vehumet.
  8488 | D:7      | Got Doucheips's Catalogue of Dark Bolts
  8501 | D:7      | Reached ** piety under Vehumet
  8580 | D:7      | Reached XP level 10. HP: 42/52 MP: 10/21
  8971 | D:7      | Identified a scroll of acquirement
  8971 | D:7      | Acquired 1227 gold pieces
  9155 | D:8      | Found a hide-covered altar of Uskayaw.
  9156 | D:8      | Noticed a +0 dagger
  9156 | D:8      | Noticed a +0 dagger
  9367 | D:8      | Noticed Pikel
  9376 | D:8      | Killed Pikel
  9652 | D:8      | Noticed a red ugly thing
  9659 | D:8      | Noticed a cyclops
  9659 | D:8      | Mangled by a red ugly thing

Illustrated notes

Levels and vault maps discovered:
D:1:      nicolae_arrival_somewhat_less_tricky_arrival, layout_basic
D:2:      layout_basic, basic_altar, serial_shops,
          nicolae_shop_competitors_out_of_business, minmay_goblin_kobold_house,
          uniq_sigmund
D:3:      layout_loops_cross, fiery_altar_vehumet,
          mainiacjoe_overflow_concentric_impassable,
          grunt_temple_overflow_bloody_war, uniq_grinder, uniq_terence,
          uniq_ijyb, uniq_natasha
D:4:      layout_cave_pools, amcnicky_altar_gilded, minmay_temple_entry_arrows,
          kennysheep_small_spiral, hangedman_feature_mirror
D:5:      layout_gridville, mainiacjoe_overflow_tiny_flanked
D:6:      layout_loops_corners, nemelex_spade_bored_becter,
          gammafunk_ghost_split, kennysheep_nondescript
D:7:      layout_basic, chequers_serial_rivers_micro_a
D:8:      layout_basic, dancing_weapons_uskayaw, minmay_shop_grid_forest,
          minmay_shattered_shrine, uniq_pikel

Skill      XL: |  1  2  3  4  5  6  7  8  9 10 |
---------------+-------------------------------+-----
Conjurations   | 2 3 5 7 |  7.7
Fire Magic     | 4 5 6 7 8 |  8.9
Spellcasting   | 3 4 6 7 8 |  8.2
Dodging        | 2 |  2.9
Maces & Flails | 1 2 3 |  3.2
Fighting       | 1 |  1.8
Stealth        | |  2.1

Action                   |  1- 3 |  4- 6 |  7- 9 | 10-12 || total
-------------------------+-------+-------+-------+-------++-------
Melee: Whip              |     4 |    13 |       |       ||    17
       Club              |     2 |       |       |       ||     2
       Flail             |       |       |     8 |       ||     8
       Demon whip        |       |       |    13 |    12 ||    25
 Cast: Foxfire           |    46 |    73 |   168 |    21 ||   308
       Scorch            |     3 |    10 |    23 |     4 ||    40
       Flame Wave        |       |       |     4 |     3 ||     7
       Conjure Flame     |       |       |     1 |       ||     1
  Use: Scroll            |     3 |     2 |    14 |     3 ||    22
Armor: Robe              |     4 |     3 |    19 |     6 ||    32
Dodge: Dodged            |     9 |    15 |    20 |    13 ||    57
